[Event "VIII Open Semana Santa 2024"]
[Site "San Vicente del Raspeig"]
[Date "2024.03.28"]
[Round "2.10"]
[White "Bora, Safal"]
[Black "Priansh Das"]
[Result "1-0"]
[ECO "E68"]
[WhiteElo "2490"]
[BlackElo "2241"]
[Annotator "TA"]
[PlyCount "77"]
[EventDate "2024.03.27"]
[EventType "swiss"]
[EventCountry "ESP"]
[SourceTitle "playchess.com"]
[Source "ChessBase"]
[SourceQuality "1"]
[TimeControl "5400+30"]

1. Nf3 Nf6 2. c4 g6 3. g3 Bg7 4. Bg2 d6 5. d4 O-O 6. O-O Nbd7 7. Qc2 e5 8. Rd1 Qe7 9. Nc3 c6 10. e4 Nb6 11. b3 Bg4 12. Be3 Nbd7 13. h3 Bxf3 14. Bxf3 {[%emt 0:00:05] Weiß steht etwas besser.} a5 15. Rac1 Rfe8 16. Rd2 (16. d5 $16) 16... exd4 $11 17. Rxd4 Nc5 18. Rcd1 Rad8 19. Qd2 h5 20. Bf4 Ne6 21. Rxd6 {[%emt 0:00:38] Und jetzt e5 wäre schön.} Rxd6 (21... Nh7 $14 22. e5 g5) 22. Bxd6 $16 Qd7 ({Günstiger ist} 22... Qd8) 23. e5 Nh7 24. Ne4 Nef8 25. Kg2 Bxe5 26. Qxa5 Qf5 27. h4 g5 28. Re1 (28. hxg5 $1 $16 {Schwarz muss nun Rh1 beachten.} h4 29. Rh1 (29. gxh4 Ng6 $11) 29... hxg3 30. Nxg3) 28... gxh4 $11 29. Re3 $36 {[%emt 0:00:34][%mdl 2048] Weiss drückt. Das Brett brennt. Aktives Gegenspiel!} (29. gxh4 $2 Ng6 (29... Qg6+ 30. Kh1 $14) 30. Rh1 Qf4 31. Bxe5 Nxe5 $19) 29... h3+ 30. Kh1 {[%emt 0:00:25] Bxe5 ist eine echte Drohung.} Ng6 31. Qd2 h4 32. Bxe5 Nxe5 {[%emt 0:00:45] [#]} (32... Rxe5 $11 33. Kh2 hxg3+ 34. fxg3 (34. Nxg3 Qf4 $11) 34... c5) 33. Bd1 $1 $16 Ng4 $2 {[%emt 0:02:15][%mdl 8192] [#] Danach kann Schwarz die Partie nicht mehr halten.} (33... Nxc4 34. bxc4 Rxe4 35. Bc2) (33... hxg3 $14 34. Nxg3 Qg5) 34. Nd6 $1 $18 (34. Bxg4 Qxg4 35. f3 Qg7 $16) 34... Nxf2+ 35. Kh2 Rd8 {[%emt 0:00:55] ...Nf6 wäre nun fies.} 36. Re8+ (36. gxh4 $2 Qf4+ 37. Rg3+ Ng4+ 38. Bxg4 Qxd2+ $19) 36... Nf8 37. Rxd8 (37. Rxf8+ $142 Kh7 38. Rxd8 (38. Qh6+ Kxh6 39. Nxf5+ Kg5 $18) 38... hxg3+ 39. Kxg3 Nh1+ 40. Kh2 Qf2+ 41. Qxf2 Nxf2 42. Bf3 (42. Nxb7 Kg6 $18) (42. Bc2+ Kg7 $18)) 37... hxg3+ 38. Kxg3 {[%emt 0:00:07] Droht Matt per Rxf8+.} Nxd1 39. Nxf5 {[%emt 0:00:13] Gewichteter Fehlerwert: Weiß=0.34/Schwarz=0.67.  Verlustzug:     	---       	Schwarz=1     Fehler:       	Weiß=2     	Schwarz=3     Ungenau:       	Weiß=1     	Schwarz=5     OK:         	Weiß=9     	Schwarz=6     Bester:       	Weiß=3     	Schwarz=3     Stark:        	Weiß=2     	---} 1-0

[Event "VIII Open Semana Santa 2024"]
[Site "San Vicente del Raspeig"]
[Date "2024.03.28"]
[Round "2.11"]
[White "Centron Antuna, Daniel"]
[Black "Xiao, Tong(Qd)"]
[Result "1-0"]
[ECO "B22"]
[WhiteElo "2234"]
[BlackElo "2484"]
[Annotator "TA"]
[PlyCount "113"]
[EventDate "2024.03.27"]
[EventType "swiss"]
[EventCountry "ESP"]
[SourceTitle "playchess.com"]
[Source "ChessBase"]
[SourceQuality "1"]
[TimeControl "5400+30"]

1. e4 c5 2. c3 Nf6 3. e5 Nd5 4. Nf3 Nc6 5. Bc4 Nb6 6. Bb3 c4 7. Bc2 d6 8. exd6 Qxd6 9. O-O Bg4 {[%emt 0:00:28] B22: Sicilian: 2 c3.} 10. Re1 {[%emt 0:01:28] Dodges Ne5} O-O-O 11. b3 Qf6 $1 12. bxc4 Nxc4 13. d4 {[%emt 0:07:41] Repels N4e5} Bxf3 14. Qxf3 Qxf3 15. gxf3 e6 16. Nd2 $146 ({Predecessor:} 16. Bb3 N6a5 17. Nd2 Nxd2 18. Bxd2 Nxb3 19. axb3 a6 20. b4 Be7 21. Reb1 e5 22. b5 {½-½ Potapov,P (2458)-Kutynec,V (2262) Pardubice Czech op-A 23rd 2012 (4)}) 16... Nxd2 17. Bxd2 Bd6 18. Bg5 Be7 19. Bf4 h6 20. Be4 Na5 21. Rab1 b6 22. Kf1 Bd6 23. Be3 g5 24. h4 Nc4 25. h5 (25. Bc1 $1 $11) 25... Kb8 26. a4 Bf4 (26... Rc8 $15) 27. Bxf4+ gxf4 28. Ke2 {[%emt 0:00:11] Prevents Nd2.} Rc8 29. Bd3 Rhd8 30. Rg1 e5 31. Rb4 Na5 32. dxe5 Rxc3 {[%emt 0:00:08] And now ...Nc6 would win.} 33. Rd1 $1 Nb3 {[%emt 0:09:46][%cal Oc3d3] ...Rcxd3! is the strong threat.} 34. Bc4 ({White should play} 34. Bf5 $11 Nc1+ (34... Rxd1 35. Kxd1 Rxf3 36. Bg4 $16) 35. Ke1 Rxd1+ 36. Kxd1) 34... Nd4+ 35. Kf1 a5 36. Rxb6+ Kc7 37. Rxh6 Rxc4 38. Rf6 Rg8 39. Rxf7+ Kc6 40. Rxf4 Rg1+ 41. Kxg1 $11 {[%emt 0:00:01][%mdl 4096] Endgame. KRR-KRN} Ne2+ 42. Kf1 Nxf4 {[%emt 0:00:02] KRN-KR} 43. h6 {[%emt 0:00:07] Strongly threatening h7.} Rb4 44. h7 Rb8 $1 45. Kg1 Rh8 46. Rd6+ Kc5 47. Rd7 Nh3+ 48. Kg2 Ng5 49. f4 Rxh7 50. Rd2 Ne6 $2 (50... Ne4 $11 51. Rd8 Rf7) 51. f5 $18 {[%emt 0:00:48][%mdl 1024] White has strong compensation.} Nf4+ $2 (51... Nd4) 52. Kg3 Nd5 53. f6 {[%emt 0:00:35] Inhibits Rg7+.} Rh5 (53... Rf7 $142 54. f4 Rf8) 54. f7 ({Weaker is} 54. f4 Rf5 $14) 54... Rf5 55. e6 Ne7 56. Rd8 Ng6 57. f8=Q+ 1-0

[Event "VIII Open Semana Santa 2024"]
[Site "San Vicente del Raspeig"]
[Date "2024.03.28"]
[Round "2.12"]
[White "Lamard, Guillaume"]
[Black "Ibarra Jerez, Juan Miguel"]
[Result "1-0"]
[ECO "E90"]
[WhiteElo "2483"]
[BlackElo "2231"]
[Annotator "TA"]
[PlyCount "67"]
[EventDate "2024.03.27"]
[EventType "swiss"]
[EventCountry "ESP"]
[SourceTitle "playchess.com"]
[Source "ChessBase"]
[SourceQuality "1"]
[TimeControl "5400+30"]

1. d4 d6 2. Nf3 Nf6 3. c4 g6 4. Nc3 Bg7 5. e4 O-O 6. Bd3 Na6 7. O-O c6 8. h3 e5 {[%emt 0:00:29] Wehrt Bf4 ab. Weiß steht etwas besser.} 9. d5 Bd7 10. dxc6 bxc6 11. Be3 Nc7 12. Re1 Qe7 13. Bf1 Ne6 14. b4 Rfd8 15. Qc2 Be8 16. Rad1 Rac8 17. Qb3 Nh5 18. Qa3 Ra8 19. b5 f5 20. bxc6 {[%emt 0:04:53] Weiß steht aktiver.} Bxc6 21. Nd5 Bxd5 (21... Qd7 $142) 22. cxd5 ({Günstiger ist} 22. exd5 f4 23. dxe6 fxe3 24. Rxe3 (24. Qxe3 Rac8 $18)) 22... fxe4 $16 23. Nd2 Nd4 24. Bxd4 exd4 25. Nxe4 Qe5 {[%emt 0:04:27] [#] Schwarz ist schwach auf den weissen Feldern} (25... Be5 $16) 26. Nxd6 $1 $18 Qg5 (26... Qxd6 $2 27. Re8+ Rxe8 28. Qxd6 $18) (26... Qf4 27. Ne4) 27. Nb5 Nf4 28. Nc7 (28. Nxd4 $142 Kh8 29. g3 Rxd5 30. Qa4 (30. Nf3 Qd8 $18)) 28... d3 {[%emt 0:00:59] [#]} 29. Rxd3 (29. Bxd3 $2 Qxg2#) (29. Ne6 $1 $18 Nxe6 30. dxe6) 29... Nxd3 $16 30. Qxd3 {[%emt 0:00:53][%cal Od5d6] Zielt auf d6! ab.} (30. Bxd3 Qd2 31. Re7 Bf8 32. Nxa8 Rxa8 $16) 30... Rac8 31. d6 {[%emt 0:05:36] d7 ist eine echte Drohung.} Qc5 {[%emt 0:00:15] [#]} (31... Qf4 $16 {war angesagt.}) 32. Ne6 (32. Re7 $1 $18 {[%cal Re7g7] und der Rest ist Schweigen.} Bf6 (32... Qxd6 $2 {verliert.} 33. Re8+ Rxe8 34. Qxd6 $18) (32... Rxd6 $2 {ist das falsche Schlagen.} 33. Qb3+ Kh8 34. Qf7 $18) 33. Qb3+ Kh8 34. Qf7 Bxe7 35. dxe7 (35. Ne6 Qe5 $16) 35... Qxc7 36. Qf6+ Kg8 37. exd8=N (37. exd8=R+ Rxd8 $18) (37. Bc4+ Qxc4 38. exd8=Q+ Rxd8 $18) 37... Rxd8 (37... Qxd8 $2 38. Bc4+ Rxc4 39. Qxd8+ $18) 38. Bc4+ Qxc4 39. Qxd8+ Kf7 40. Qd7+ Kg8 41. Qxa7 Qc1+ 42. Kh2) 32... Qxd6 33. Nxd8 Qxd3 (33... Qxd8 $16 34. Qb3+ Kh8) 34. Re8+ {[%emt 0:00:21] Gewichteter Fehlerwert: Weiß=0.21 (präzise) /Schwarz=0.46.  Verlustzug:     	---       	Schwarz=1     Fehler:       	Weiß=4     	Schwarz=3     Ungenau:       	Weiß=2     	Schwarz=4     OK:         	Weiß=12    	Schwarz=3     Bester:       	Weiß=1     	Schwarz=2} 1-0

[Event "VIII Open Semana Santa 2024"]
[Site "San Vicente del Raspeig"]
[Date "2024.03.28"]
[Round "2.13"]
[White "Colijn, Stefan"]
[Black "Ceres, Dragos"]
[Result "1/2-1/2"]
[ECO "A45"]
[WhiteElo "2230"]
[BlackElo "2482"]
[Annotator "TA"]
[PlyCount "90"]
[EventDate "2024.03.27"]
[EventType "swiss"]
[EventCountry "ESP"]
[SourceTitle "playchess.com"]
[Source "ChessBase"]
[SourceQuality "1"]
[TimeControl "5400+30"]

1. d4 Nf6 2. Bf4 g6 3. Nc3 d5 4. h4 Bg7 5. e3 h5 6. Nf3 (6. Nb5 $5 Na6 $8 7. Nc3 $11) 6... Bg4 7. Qd2 c6 8. Ne5 {[%emt 0:00:35] White is slightly better.} Nbd7 9. f3 Bf5 10. O-O-O Nxe5 11. Bxe5 b5 12. Kb1 a5 13. Bd3 Qb6 (13... Bxd3 $11 14. Qxd3 Qb6) 14. Bxf5 $16 gxf5 15. Qd3 e6 16. e4 $1 {[%emt 0:03:26] White is much more active.} b4 (16... fxe4 $16 17. fxe4 Rh6) 17. Na4 $18 Qb5 18. Nc5 (18. Qe3 $16 Rg8 (18... Qxa4 $2 19. Qg5 $18) 19. exf5 Qxa4 20. fxe6) 18... fxe4 $2 {[%emt 0:02:39][%mdl 8192] [#]} (18... Qxd3 $1 $11 {and Black has nothing to worry.} 19. cxd3 fxe4) 19. fxe4 $2 (19. Qd2 $1 $18 {[%cal Rd2g5] And now Qg5 would win.} Rh6 (19... Bh6 $2 20. Qe1 $18) 20. g4 hxg4 21. fxg4) 19... Qxd3 $11 20. Rxd3 {[%emt 0:07:50] Black must now prevent Rg3.} Rg8 21. Rf1 Ng4 22. Bd6 Nh6 23. e5 (23. c3 $11 {remains equal.}) 23... Nf5 $17 24. Rxf5 exf5 25. Rg3 O-O-O {[%emt 0:00:30] Prevents Nb7. aiming for ...f4.} 26. Rg5 f4 {[%emt 0:06:08][%cal Of4f3] Hoping for ...f3!} 27. a3 {[%emt 0:06:18] [#]} (27. Rxh5 $2 {is the wrong capture.} f3 (27... Bf8 28. Rf5 $17) 28. g3 (28. gxf3 $2 {loses.} Bxe5 29. a4 Bxd6 $19) 28... Rxd6 29. exd6 f2 $19 (29... Bxd4 $2 30. Nd3 $19)) 27... bxa3 $1 28. bxa3 Bh8 29. Rxh5 Rxg2 30. Rf5 {[%emt 0:00:31] [#]} Rxd6 $1 31. exd6 Bxd4 {[%emt 0:00:11][%mdl 4096] Endgame. KRB-KRN} 32. Nb3 $1 Bc3 {[%emt 0:04:08] ...a4 would now be deadly.} 33. Rxf4 Kd7 (33... a4 $15 {might be stronger.} 34. Rxa4 Kd7) 34. Rf3 $1 $11 Be5 35. Rxf7+ Kxd6 36. Nxa5 c5 {[%emt 0:00:26] ...Rg1+ is the strong threat.} 37. c4 Bc3 38. Nb7+ Ke6 39. Rf3 Bd4 40. Na5 dxc4 41. Nxc4 Kd7 42. Rh3 Kc6 43. h5 Kb5 44. Nd6+ Kc6 45. Nc4 Kb5 {[%emt 0:04:07] Weighted Error Value: White=0.19 (very precise) /Black=0.23 (precise) .  Loses game:     	---       	Black=1      Missed win:     	White=1     	---        Mistake:       	White=2     	Black=3      Inaccurate:     	White=1     	Black=2      OK:         	White=14    	Black=16     Best:        	White=2     	Black=3      Strong:       	White=3     	Black=1} 1/2-1/2

[Event "VIII Open Semana Santa 2024"]
[Site "San Vicente del Raspeig"]
[Date "2024.03.28"]
[Round "2.14"]
[White "Uzcategui Rodriguez, Alejandro"]
[Black "Macias Pino, Diego"]
[Result "1-0"]
[ECO "A74"]
[WhiteElo "2219"]
[BlackElo "2477"]
[Annotator "TA"]
[PlyCount "125"]
[EventDate "2024.03.27"]
[EventType "swiss"]
[EventCountry "ESP"]
[SourceTitle "playchess.com"]
[Source "ChessBase"]
[SourceQuality "1"]
[TimeControl "5400+30"]

1. d4 Nf6 2. c4 c5 3. d5 e6 4. Nc3 exd5 5. cxd5 d6 6. Nf3 g6 7. Nd2 Bg7 8. e4 a6 9. a4 Nbd7 10. Be2 O-O 11. O-O Ne8 {[%emt 0:05:26] A74: Modern Benoni: Classical: 9...a6.} 12. Re1 Rb8 13. f4 f5 14. Bc4 $146 (14. exf5 $14 gxf5 15. g3) ({Predecessor:} 14. exf5 gxf5 15. Nf3 Nc7 16. Ng5 Nf6 17. Bh5 Nxh5 18. Qxh5 h6 19. Ne6 Bxe6 20. dxe6 {0-1 Yanayt,E (2100)-Wang,T (2307) Charlotte CCCSA Winter 2021 (3)}) 14... Bd4+ $15 15. Kh1 Ndf6 16. Be2 (16. e5 $15 dxe5 (16... Ng4 $2 17. Re2 $17) 17. fxe5 (17. d6+ Kg7 $11)) 16... Nc7 (16... fxe4 $17 17. Ndxe4 Nxe4 18. Nxe4 b5) 17. Bf3 b5 18. axb5 axb5 (18... fxe4 $5 19. Ncxe4 axb5 $15) 19. e5 dxe5 20. fxe5 Bxc3 $1 (20... Nfxd5 21. Nxd5 Nxd5 22. Nb3 $16) 21. bxc3 Nfxd5 22. Nb3 $1 c4 23. Na5 Nxc3 24. Qd6 Qxd6 25. exd6 N7d5 26. Re5 $1 Nb4 $2 (26... Bd7 $16 27. Bd2 (27. Bxd5+ Nxd5 28. Rxd5 Rfc8 $16) 27... Rfc8 (27... Rf7 $2 28. Rxd5 Ne4 29. Bb4 $18)) 27. Bb2 $2 (27. Bd2 $18 Nba2 28. Nc6) 27... Ne4 28. Bxe4 fxe4 29. Re7 $1 Rf7 $2 ({Black should play} 29... Rf2 $14 30. Bd4 Rf5) 30. Re8+ $18 Rf8 {[%emt 0:00:02] [#]} 31. Rxf8+ $1 Kxf8 {[%emt 0:00:01] [#]} 32. Ba3 $1 Be6 33. Bxb4 Ke8 $2 (33... Bd7 34. Re1 Kf7) 34. Nc6 $18 Rc8 35. Nd4 $2 (35. Ne5 Rd8 36. Ra7) 35... Bd7 $18 36. Ra3 Kf7 $2 (36... c3 {was called for.}) 37. Ra7 $18 Ke8 38. Nxb5 Bxb5 39. Re7+ ({Less strong is} 39. Rxh7 c3 $18) 39... Kf8 40. d7 ({Weaker is} 40. Rxe4 Bd7 $11) 40... Bxd7 41. Rxd7+ Ke8 $2 (41... Kg8 {is tougher.}) 42. Rxh7 $18 Rc6 43. Re7+ Kd8 44. Rxe4 c3 45. Re1 c2 46. Rc1 Rc4 47. Ba5+ Kd7 48. Kg1 Kc6 49. Kf2 Kb5 50. Bd2 Ka4 51. Ke2 Kb3 52. g3 Rc7 53. h4 Re7+ 54. Kf3 Rd7 55. Be3 Kb2 56. Ke2 Kc3 57. g4 Rh7 58. Rh1 Rh8 59. h5 gxh5 60. gxh5 Rh7 61. h6 Kb2 62. Bd4+ Kb3 63. Bg7 1-0

[Event "VIII Open Semana Santa 2024"]
[Site "San Vicente del Raspeig"]
[Date "2024.03.28"]
[Round "2.15"]
[White "Urazayev, Arystanbek"]
[Black "De La Puerta Cresis, Javier"]
[Result "0-1"]
[ECO "D32"]
[WhiteElo "2476"]
[BlackElo "2223"]
[Annotator "RC"]
[PlyCount "74"]
[EventDate "2024.03.27"]
[EventType "swiss"]
[EventCountry "ESP"]
[SourceTitle "playchess.com"]
[Source "ChessBase"]
[SourceQuality "1"]
[TimeControl "5400+30"]

1. d4 d5 2. c4 e6 3. Nc3 c5 4. cxd5 cxd4 5. Qa4+ Bd7 6. Qxd4 exd5 7. Qxd5 Nf6 8. Qd1 Bc5 9. Nf3 O-O 10. e3 Qe7 11. Be2 Rd8 12. Qc2 Nc6 13. a3 Ne5 14. O-O Bc6 15. Nd4 Bxd4 16. exd4 Rxd4 17. Be3 Rh4 18. Bg5 Rd4 19. Rfe1 h6 20. Be3 Rh4 21. Rad1 Bxg2 22. Kxg2 Qe6 23. Kh1 Qh3 24. Bf4 Nf3 25. Bxf3 Qxf3+ 26. Kg1 Qxf4 27. Re3 Qxh2+ 28. Kf1 Ng4 29. Re4 Rc8 30. Rde1 Qh3+ 31. Ke2 Nxf2 32. Rxh4 Qxh4 33. Qf5 Re8+ 34. Kf3 Rd8 35. Re3 Nh3 36. Kg2 Rd2+ 37. Ne2 Qg5+ 0-1

[Event "VIII Open Semana Santa 2024"]
[Site "San Vicente del Raspeig"]
[Date "2024.03.28"]
[Round "2.16"]
[White "Gkavardinas, Antonios"]
[Black "Fernandez Guillen, Ernesto J."]
[Result "1-0"]
[ECO "C54"]
[WhiteElo "2218"]
[BlackElo "2471"]
[Annotator "TA"]
[PlyCount "41"]
[EventDate "2024.03.27"]
[EventType "swiss"]
[EventCountry "ESP"]
[SourceTitle "playchess.com"]
[Source "ChessBase"]
[SourceQuality "1"]
[TimeControl "5400+30"]

1. e4 e5 2. Nf3 Nc6 3. Bc4 Bc5 4. d3 d6 5. c3 Nf6 6. O-O Bg4 7. Nbd2 Bb6 8. a4 a6 9. Re1 h6 {[%emt 0:02:43] White is slightly better.} 10. Nf1 g5 (10... O-O $14) 11. Ng3 Nh5 ({Black should try} 11... Be6 $14) 12. h3 $1 $16 Bxf3 13. Qxf3 {[%emt 0:00:25][%csl Gc4][%cal Rf3f7] [#]} Nf4 14. Nf5 {[%emt 0:02:45] g3 is the strong threat.} Rh7 (14... Qf6 $16 15. b4 Ne7) 15. Be3 $18 h5 16. Qg3 f6 (16... Bxe3 $16 17. fxe3 Ne6) 17. d4 {[%emt 0:05:37] And now h4 would win.} Ne7 $2 {[%emt 0:06:53][%mdl 8192] [#] A mistake that costs the game.} (17... Qd7 $16 18. Bxf4 exf4) 18. dxe5 dxe5 (18... Nxf5 $142 19. exf5 h4) 19. Rad1 {[%emt 0:02:01] White is clearly winning.} Qc8 20. Bxf4 gxf4 21. Qh4 {[%emt 0:00:54] Weighted Error Value: White=0.16 (very precise) /Black=0.58.  Loses game:     	---       	Black=1      Mistake:       	---       	Black=5      Inaccurate:     	White=2     	---        OK:         	White=2     	Black=3      Best:        	White=1     	Black=1      Strong:       	White=1     	---} 1-0

[Event "VIII Open Semana Santa 2024"]
[Site "San Vicente del Raspeig"]
[Date "2024.03.28"]
[Round "2.17"]
[White "Zhu, Jiner"]
[Black "Ostensen, Nicolai Maxime"]
[Result "1-0"]
[ECO "B31"]
[WhiteElo "2467"]
[BlackElo "2222"]
[Annotator "TA"]
[PlyCount "75"]
[EventDate "2024.03.27"]
[EventType "swiss"]
[EventCountry "ESP"]
[SourceTitle "playchess.com"]
[Source "ChessBase"]
[SourceQuality "1"]
[TimeControl "5400+30"]

1. e4 c5 2. Nf3 Nc6 3. Bb5 Nf6 4. Nc3 g6 5. O-O Bg7 6. e5 Ng4 7. Bxc6 dxc6 8. Re1 O-O 9. d3 f6 10. Qe2 b6 11. h3 ({White should try} 11. Bf4 $16) 11... Nh6 (11... Nxe5 $11 {remains equal.} 12. Nxe5 fxe5) 12. Bxh6 $16 Bxh6 {[%emt 0:02:38] [#]} 13. d4 $1 cxd4 14. Qc4+ Kh8 15. Nxd4 fxe5 (15... c5 $142 16. Ne6 Bxe6 17. Qxe6 fxe5) 16. Nxc6 (16. Qxc6 Bd7 (16... exd4 $2 17. Qxa8 dxc3 18. Qxa7 $19) 17. Qd5 exd4 $19) 16... Qd2 17. Re2 {[%emt 0:04:01] Active counter play!} (17. Nxe5 Qxf2+ 18. Kh1 Bb7 $15 (18... Qxc2 19. Nf7+ Rxf7 20. Qxf7 $16)) 17... Qf4 18. Qxf4 (18. Nxe5 Qxc4 19. Nxc4 Ba6 $18) 18... exf4 19. Rxe7 ({But not} 19. Nxe7 $6 f3 20. Re4 Bb7 $11) 19... Bf5 20. Nd4 {[%emt 0:04:42] A dynamic duo of knights.} Rad8 (20... Bg7 $16 {was necessary.} 21. Nxf5 gxf5) 21. Nxf5 $18 Rxf5 22. Rae1 Rd2 23. Rxa7 {[%emt 0:13:07] aiming for Re8+.} Rxc2 24. Re8+ Bf8 {[%emt 0:00:45] [#]} 25. Nb5 $1 Rd2 {[%emt 0:03:17][%cal Oh8g8] Dodges Nd4} 26. Nc7 Rd1+ 27. Kh2 Rd7 28. Raa8 Rxc7 29. Rxf8+ Kg7 30. Rxf5 gxf5 {[%emt 0:04:58][%mdl 4096] Endgame. KR-KR} 31. Ra4 f3 32. Rb4 Rc6 33. g4 fxg4 34. hxg4 (34. Rxg4+ Kf6 35. Rb4 Kg6) 34... h5 $2 (34... Kf6 35. Kg3 Kg6 36. Kxf3 Kh6) 35. gxh5 {[%emt 0:00:36] White is clearly winning.} Kh6 36. Rb5 Rc4 37. Rxb6+ Kxh5 38. Kg3 {[%emt 0:00:03] Weighted Error Value: White=0.09 (flawless) /Black=0.26 (precise) .  Mistake:       	White=1     	Black=4      Inaccurate:     	---       	Black=1      OK:         	White=14    	Black=6      Best:        	White=4     	Black=3} 1-0

[Event "VIII Open Semana Santa 2024"]
[Site "San Vicente del Raspeig"]
[Date "2024.03.28"]
[Round "2.18"]
[White "Neagu, Roberto Florin"]
[Black "Diaz Perez, Michel Alejandro"]
[Result "1-0"]
[ECO "D36"]
[WhiteElo "2217"]
[BlackElo "2464"]
[Annotator "TA"]
[PlyCount "85"]
[EventDate "2024.03.27"]
[EventType "swiss"]
[EventCountry "ESP"]
[SourceTitle "playchess.com"]
[Source "ChessBase"]
[SourceQuality "1"]
[TimeControl "5400+30"]

1. d4 Nf6 2. Nf3 e6 3. c4 d5 4. Nc3 Nbd7 5. cxd5 exd5 6. Qc2 c6 7. Bg5 Be7 8. e3 Nh5 9. Bxe7 Qxe7 10. h3 g6 11. O-O-O Nb6 12. Bd3 Ng7 13. g4 Be6 14. Kb1 O-O-O {[%emt 0:01:20] The position is equal.} 15. Ne5 f6 16. Nf3 Kb8 17. Ne2 Ne8 18. Rc1 Nd6 19. b3 Nd7 20. Nf4 Bf7 21. h4 Rc8 ({Black should play} 21... g5 $1 $15 22. hxg5 fxg5) 22. g5 $11 Be6 23. gxf6 Qxf6 24. h5 Bf5 (24... Bg4 $11 25. Ne5 Nxe5 26. dxe5 Qxe5) 25. Bxf5 (25. hxg6 {simplifies} hxg6 26. Bxf5 Qxf5 27. Rxh8 Rxh8 28. Nxg6 Qxc2+ 29. Kxc2 Rh6 30. Nfh4) 25... gxf5 26. Qb2 Ne4 27. Rcg1 Rhg8 28. Ne5 Qe7 29. Nfd3 Ndf6 (29... Nxe5 $11 30. Nxe5 Ka8) 30. f3 $16 {[%emt 0:03:57] [#] aiming for Rxg8.} Nd6 31. Qh2 Ka8 32. h6 a6 33. Qh4 Nb5 34. Nc5 Rce8 35. Rg5 {[%emt 0:03:32] White is more active.} (35. Qh2 {simplifies} Nc7 36. Rc1 f4 37. Qxf4 Ne6 38. Nxe6 Qxe6 39. Rhg1) 35... Rxg5 36. Qxg5 Rg8 (36... Nd6 $16 {keeps fighting.}) 37. Qxf5 $18 Rg2 $2 (37... Nd6 38. Qd3 (38. Qe6 Qxe6 39. Nxe6 Rg2 $14) 38... Qc7) 38. Qc8+ Ka7 {[%emt 0:00:01][%cal Ba8a7,Ba7b8,Bb8c8][%mdl 32] [#]} 39. Nxc6+ $1 bxc6 40. Qxa6+ (40. Nxa6 $2 Nc3+ 41. Kc1 Qxe3#) 40... Kb8 41. Qb6+ (41. Qxc6 $2 {is a self mate.} Nc3+ 42. Kc1 Qxe3#) 41... Kc8 42. Qxc6+ Qc7 43. Qa6+ {[%emt 0:00:22] Weighted Error Value: White=0.10 (very precise) /Black=0.25 (precise) .  Mistake:       	---       	Black=5      Inaccurate:     	White=4     	Black=4      OK:         	White=6     	Black=7      Best:        	White=3     	Black=1} ({And not} 43. Qxf6 Nc3+ 44. Kc1 Nxa2+ 45. Kd1 Nc3+ 46. Kc1 Na2+ 47. Kd1 Nc3+ 48. Kc1 Na2+ $11) 1-0

[Event "VIII Open Semana Santa 2024"]
[Site "San Vicente del Raspeig"]
[Date "2024.03.28"]
[Round "2.19"]
[White "Baskin, Robert"]
[Black "Jansen, Bob"]
[Result "1-0"]
[ECO "B09"]
[WhiteElo "2461"]
[BlackElo "2217"]
[Annotator "TA"]
[PlyCount "41"]
[EventDate "2024.03.27"]
[EventType "swiss"]
[EventCountry "ESP"]
[SourceTitle "playchess.com"]
[Source "ChessBase"]
[SourceQuality "1"]
[TimeControl "5400+30"]

1. e4 d6 2. d4 Nf6 3. Nc3 g6 4. f4 Bg7 5. Nf3 O-O 6. Bd3 Na6 7. O-O c5 8. d5 $1 c4 9. Bxc4 b5 10. Nxb5 {[%emt 0:00:00][%cal Bc3b5,Bb5d4,Bd4b3,Bb3a5,Ba5c4][%mdl 32] Strongly threatening Qe2.} ({Much worse is} 10. Bxb5 Nxe4 11. Na4 Nac5 12. Nxc5 Nxc5 $11) 10... Nxe4 {[%emt 1:23:42] White is slightly better.} 11. Qe2 Nac5 12. c3 Bb7 13. Be3 a6 14. Nbd4 Qd7 (14... Qc7 $14) 15. Nb3 $16 Na4 16. Na5 Rfb8 17. Rad1 (17. f5 $16) 17... Nxb2 {[%emt 0:00:00] This costs Black the game.} 18. Qxb2 $18 {[%emt 0:00:00] Threatens to win with Qa3. White is clearly better.} Bxd5 19. Qc2 Bxc4 20. Nxc4 Nxc3 {[%emt 0:00:00][%cal Od7c7] [#]} 21. Nfe5 $1 {[%emt 0:00:00][%mdl 512] Weighted Error Value: White=0.18 (very precise) /Black=0.27 (precise) .  Mistake:       	White=1     	Black=2      Inaccurate:     	---       	Black=1      OK:         	White=9     	Black=6} 1-0

[Event "VIII Open Semana Santa 2024"]
[Site "San Vicente del Raspeig"]
[Date "2024.03.28"]
[Round "2.20"]
[White "Exposito Milan, Adrian"]
[Black "Schulman, Julia"]
[Result "1-0"]
[ECO "A39"]
[WhiteElo "2276"]
[BlackElo "1732"]
[Annotator "RC"]
[PlyCount "77"]
[EventDate "2024.03.27"]
[EventType "swiss"]
[EventCountry "ESP"]
[SourceTitle "playchess.com"]
[Source "ChessBase"]
[SourceQuality "1"]
[TimeControl "5400+30"]

1. d4 Nf6 2. Nf3 g6 3. c4 c5 4. g3 cxd4 5. Nxd4 Nc6 6. Bg2 Bg7 7. O-O O-O 8. Nc3 Re8 9. Nc2 d6 10. b3 Rb8 11. Bb2 Be6 12. e4 Nd7 13. Qd2 Nf8 14. Rac1 Qc8 15. Rfe1 Bh3 16. Bh1 Ne5 17. Ne3 h5 18. Ncd5 Nh7 19. f4 Ng4 20. Nxg4 Bxg4 21. Bxg7 Kxg7 22. Qd4+ e5 23. Qxa7 Ra8 24. Qf2 Ra6 25. Bg2 Qd7 26. Rc2 Rc6 27. Rd2 Qd8 28. h3 Be6 29. fxe5 Bxd5 30. exd5 Ra6 31. exd6 Rxe1+ 32. Qxe1 Qxd6 33. Qe3 Nf6 34. c5 Qd7 35. d6 Ra8 36. Qd4 Re8 37. Rf2 Re1+ 38. Kh2 Qe6 39. d7 1-0